 Dungeon Crawl Stone Soup version 0.31-a0-879-g1609e0ac53 (webtiles) character file.

Game seed: 16038519448274706801

90 Ofeo the Vexing (level 4, -4/33 HPs)
             Began as a Barachi Hexslinger on Oct 15, 2023.
             Slain by a gnoll
             ... wielding a +1 flail of holy wrath
             ... led by a gnoll bouda
              (11 damage)
             ... on level 3 of the Dungeon.
             The game lasted 00:03:12 (1003 turns).

Ofeo the Vexing (Barachi Hexslinger)                Turns: 1003, Time: 00:03:12

Health: -4/33      AC:  4    Str:  9    XL:     4   Next: 56%
Magic:  6/6        EV: 13    Int: 13    God:
Gold:   81         SH:  0    Dex: 17    Spells: 4/6 levels left

rFire   + . .        a - +2 sling
rCold   . . .        (no shield)
rNeg    . . .        e - +2 robe {rF+}
rPois   .            (no helmet)
rElec   .            (no cloak)
rCorr   .            (no gloves)
SInv    .            (no boots)
Will    .....        (no amulet)
Stlth   ++           (no ring)
HPRegen 0.25/turn    (no ring)
MPRegen 0.10/turn

%: no passive effects
@: slow
A: amphibious, slowness 1, strong legs 1, +LOS
a: Hop


You were on level 3 of the Dungeon.
You visited 1 branch of the dungeon, and saw 3 of its levels.

You collected 81 gold pieces.

Inventory:

Hand Weapons
 a - a +2 sling (weapon)
Armour
 e - a +2 robe of fire resistance (worn)
Jewellery
 h - a ring of ice


   Skills:
 + Level 2.3 Fighting
 + Level 2.6 Ranged Weapons
 + Level 2.8 Dodging
 + Level 1.8 Spellcasting
 + Level 3.8 Hexes
 + Level 2.0 Fire Magic


You had 4 spell levels left.
You knew the following spells:

 Your Spells              Type           Power      Damage    Failure   Level
a - Jinxbite              Hex            22%        N/A       9%          2

Your spell library contained the following spells:

 Spells                   Type           Power      Damage    Failure   Level
 Sigil of Binding         Hex            11%        N/A       16%         3
 Inner Flame              Hex/Fire       8%         N/A       24%         3
 Shock                    Conj/Air       4%         1d3       26%         1
 Cause Fear               Hex            5%         N/A       47%         4
 Swiftness                Air            1%         N/A       61%         3
 Dimensional Bullseye     Hex/Tloc       3%         N/A       75%         4
 Airstrike                Air            0%         2d(1-17)  95%         4
 Yara's Violent Unravell  Hex/Tmut       3%         3d4       97%         5
 Enfeeble                 Hex            5%         N/A       100%        7


Dungeon Overview and Level Annotations

Branches:
Dungeon (3/15)

Altars:

Shops:
D:2 :


Innate Abilities, Weirdness & Mutations

You are amphibious.
You cover ground slowly.
You can hop short distances.
You have an extended range of vision and can be seen from far away.


Message History

You feel your willpower return.
HP restored.
Things that are here:
a +0 halberd; a gnoll corpse A gnoll comes into view.
It is wielding a +1 flail of holy wrath.
Health restored: 33 A gnoll is nearby!
A gnoll is nearby!
A gnoll is nearby!
Found 13 gold pieces.
Found a stone staircase leading up.
A kobold comes into view. It is wielding a +0 short sword.
Found a stone staircase leading down.
The gnoll shouts!
The kobold shouts!
The gnoll attacks as it pursues you! The gnoll barely misses you.
You shoot a sling bullet.
The sling bullet closely misses the gnoll.
The gnoll misses you.
You shoot a sling bullet. The sling bullet hits the gnoll.
The gnoll is moderately wounded.
The gnoll hits you with a +1 flail of holy wrath. x2
You take 9 damage, and have 24/33 hp.
MASSIVE DAMAGE!!
You shoot a sling bullet.
The sling bullet closely misses the gnoll.
The sling bullet closely misses the kobold.
The gnoll hits you with a +1 flail of holy wrath!
You take 8 damage, and have 16/33 hp.
MASSIVE DAMAGE!!
You are too injured to fight recklessly!
You shoot a sling bullet.
The sling bullet closely misses the gnoll.
The sling bullet closely misses the kobold.
The gnoll barely misses you.
You shoot a sling bullet. The sling bullet hits the gnoll.
The gnoll is heavily wounded.
The gnoll closely misses you.
You shoot a sling bullet. The sling bullet hits the gnoll.
The gnoll is severely wounded.
The gnoll hits you with a +1 flail of holy wrath!
* * * LOW HITPOINT WARNING * * *
The gnoll hits you with a +1 flail of holy wrath!
You die...

..g######>..# ..##?........
.............
#######..##.........
#########...........)<......
....).).).###.#####.........
########### #.# ##..<......
##.####..........
#....@gK.........
#.......#############
.$.....### ...###. ### #. ##


You could see a gnoll and a kobold.

Vanquished Creatures
  A gnoll bouda (D:3)
  An adder (D:2)
  2 gnolls (D:3)
  A dart slug (D:1)
  3 endoplasms
  A giant cockroach (D:3)
  2 goblins (D:1)
  4 hobgoblins (D:1)
  3 ball pythons
  5 bats
  2 frilled lizards
  5 kobolds
  3 rats (D:1)
33 creatures vanquished.

Notes
Turn   | Place    | Note
-------+----------+-------------------------------------------
     0 | D:1      | Ofeo the Barachi Hexslinger began the quest for the Orb.
     0 | D:1      | Reached XP level 1. HP: 15/15 MP: 2/2
   221 | D:1      | Reached XP level 2. HP: 21/21 MP: 3/3
   744 | D:2      | Found Wiefytod's Book Shop.
   749 | D:2      | Reached XP level 3. HP: 27/27 MP: 5/5
   752 | D:2      | Learned a level 2 spell: Jinxbite
   878 | D:2      | You fall into a shaft and drop 1 floor!
   921 | D:3      | Reached XP level 4. HP: 24/33 MP: 4/6
  1003 | D:3      | Slain by a gnoll

Illustrated notes

Levels and vault maps discovered:
D:1:      lightli_arrival_isolated_outpost, layout_loops_ring
D:2:      layout_basic, serial_shops, nicolae_book_shop_shelving,
          nicolae_shop_bloodbath_and_beyond
D:3:      layout_rooms, st_stairs_7

Skill      XL: |  1  2  3 |
---------------+----------+-----
Fighting       | 2 |  2.3
Fire Magic     | 2 |  2.0
Ranged Weapons | |  2.6
Dodging        | |  2.8
Spellcasting   | |  1.8
Hexes          | |  3.8

Action                     |  1- 3 |  4- 6 || total
---------------------------+-------+-------++-------
   Fire: Sling             |    74 |    20 ||    94
   Cast: Jinxbite          |     3 |       ||     3
Ability: Hop               |     1 |       ||     1
    Use: Scroll            |     3 |       ||     3
         Potion            |     2 |       ||     2
 Armour: Robe              |    19 |     7 ||    26
  Dodge: Dodged            |    15 |     7 ||    22

Table legend: (Time is in decaauts)
 A = Elapsed time spent in this place.
 B = Non-inter-level travel time spent in this place.
 C = Inter-level travel time spent in this place.
 D = Time resting spent in this place.
 E = Time spent auto-exploring this place.
 F = Levels seen in this place.
 G = Mean time per level.
                   A        B        C        D        E       F      G
               +--------+--------+--------+--------+--------+-----+--------+
         Total |   1184 |   1179 |      5 |      0 |    949 |   3 |  394.7 |
       Dungeon |   1184 |   1179 |      5 |      0 |    949 |   3 |  394.7 |
               +--------+--------+--------+--------+--------+-----+--------+

Top non-repeatable levels by time:
     D:1: 885 daAuts
     D:2: 157 daAuts
     D:3: 142 daAuts
